 Dungeon Crawl Stone Soup version 0.14-a0-2618-g5301534 (webtiles) character file.

490 Kae the Insei (level 6, -2/47 HPs)
             Began as a Draconian Transmuter on Feb 14, 2014.
             Slain by Grinder (10 damage)
             ... while paralysed by Grinder
             ... on Level 5 of the Dungeon.
             The game lasted 00:06:42 (4800 turns).

Kae the Insei (Draconian Transmuter)                Turns: 4800, Time: 00:06:42

HP  -2/47        AC  2     Str 13      XL: 6   Next: 50%
MP   8/10        EV  5     Int 13      God:
Gold 100         SH  0     Dex 18      Spells:  3 memorised,  3 levels left

rFire  . . .     SeeInvis .       - Unarmed
rCold  . . .     Clarity  .     (armour unavailable)
rNeg   . . .     Conserve .     (shield currently unavailable)
rPois  x         rCorr    +     (helmet currently unavailable)
rElec  .         rRot     .     r - melded +0 cloak
SustAb . .       Spirit   .     (gloves currently unavailable)
rMut   .         Warding  .     (boots currently unavailable)
Saprov . . .     Stasis   .     c - amulet of resist corrosion
MR     .....                    (no ring)
                                (no ring)

@: spider-form (expiring), paralysed, quick, not resistant to hostile
enchantments, unstealthy
A: unfitting armour, AC +6
a: End Transformation


You were on level 5 of the Dungeon.
You were not hungry.
You were in spider-form.
You visited 1 branch of the dungeon, and saw 5 of its levels.

You collected 154 gold pieces.
You spent 54 gold pieces at shops.

Inventory:

Missiles
 b - 115 arrows
Armour
 r - a +0 cloak (melded)
Magical devices
 q - a wand of slowing (4)
Comestibles
 a - 4 bread rations
 f - 2 pears
 u - 2 meat rations
Scrolls
 j - a scroll of remove curse
 k - a scroll of teleportation
 s - a scroll of curse weapon
Jewellery
 c - an amulet of resist corrosion (around neck)
Potions
 h - 2 potions of heal wounds
 l - a potion of speed
 m - a potion of might {unknown}
 n - a potion of curing {unknown}
 p - a potion of poison {unknown}
Books
 d - a book of Changes

   Spells                             Type                      Level
   *Beastly Appendage                 Transmutation                1
   *Sticks to Snakes                  Transmutation                2
   *Spider Form                       Transmutation/Poison         3
   Ice Form                           Ice/Transmutation            4
   Blade Hands                        Transmutation                5


   Skills:
 - Level 1.1 Fighting
 - Level 1.7 Dodging
 * Level 6.4 Unarmed Combat
 - Level 2.0 Spellcasting
 + Level 4.0 Transmutations


You had 3 spell levels left.
You knew the following spells:

 Your Spells              Type           Power        Failure   Level  Hunger
a - Beastly Appendage     Trmt           ##....       17%         1    ##.....
b - Sticks to Snakes      Trmt           ##........   24%         2    ###....
c - Spider Form           Trmt/Pois      #.........   56%         3    ####...


Dungeon Overview and Level Annotations

Branches:
Dungeon (5/16)
 Temple: D:4-7

Altars:
Cheibriados

Shops:
D:5 *

Annotations:
D:3 Sigmund
D:5 Blork the orc, Grinder


Message History

Grinder is heavily wounded.
Your transformation is almost over.
Grinder hits you.
You writhe in agony.
You hit Grinder.
Grinder is heavily wounded.
Grinder misses you.
You hit Grinder but do no damage.
Grinder is heavily wounded.
Grinder barely misses you.
You hit Grinder.
Grinder is heavily wounded.
Grinder gestures at you.
You suddenly lose the ability to move!
Grinder hits you!
* * * LOW HITPOINT WARNING * * *
You writhe in agony.
Grinder barely misses you.
Blork the orc shouts!
Grinder hits you!
You die...

........# *##* ,**
#.....#!#**,..## *,**
........#,*+#...#### *,**
..........'∩+...,..# *,*
.######.#.#+#...*#.# *,* ..#
*.#.......##.## *,*
..##***.#.......#...## *,*
.....,,,#.......5###.###### *,
#.....,,......o.s# #......# *,*
*..##***##.#..##.###.####.####.#
*[.# *,...., #....5..........#
*,.*****,###,,*#.#.######.####.#
*,,,,>,,,* *, ,..#.# #.# *,**
**,, ***,***,**###,# #.###*,,, *
, * ,,,,,,,, ,* #...#*, * *,,*
***** ******* ###.#*,*
**,,********,* #.#*,*


You could see Grinder and Blork the orc.

Vanquished Creatures
  An ice beast (D:3)
  2 crimson imps
  A water moccasin skeleton (D:5)
  An iguana (D:4)
  A hound zombie (D:5)
  5 gnolls
  3 adders
  A worm (D:4)
  2 oozes (D:3)
  5 orcs (D:4)
  A ball python (D:3)
  2 giant cockroaches
  11 goblins
  14 hobgoblins
  7 jackals
  2 quokkas
  4 bats
  7 giant newts
  A goblin skeleton (D:4)
  10 kobolds
  6 rats
87 creatures vanquished.

Notes
Turn   | Place    | Note
--------------------------------------------------------------
     0 | D:1      | Kae, the Draconian Transmuter, began the quest for the Orb.
     0 | D:1      | Reached XP level 1. HP: 16/16 MP: 3/3
    94 | D:1      | Reached XP level 2. HP: 15/23 MP: 4/4
  1198 | D:2      | Learned a level 2 spell: Sticks to Snakes
  1244 | D:2      | Reached XP level 3. HP: 12/28 MP: 6/6
  1436 | D:2      | Found a snail-covered altar of Cheibriados.
  1466 | D:2      | Reached skill level 4 in Unarmed Combat
  2118 | D:3      | Reached XP level 4. HP: 32/35 MP: 7/7
  2167 | D:3      | Learned a level 3 spell: Spider Form
  2308 | D:3      | Noticed an ice beast
  2469 | D:3      | Killed an ice beast
  2469 | D:3      | Reached skill level 5 in Unarmed Combat
  2469 | D:3      | Reached XP level 5. HP: 13/40 MP: 3/9
  2816 | D:3      | Noticed Sigmund
  2874 | D:4      | HP: 1/40 [goliath beetle (17)]
  4136 | D:4      | Reached XP level 6. HP: 47/47 MP: 7/10
  4151 | D:4      | Reached skill level 6 in Unarmed Combat
  4305 | D:5      | Entered Level 5 of the Dungeon
  4305 | D:5      | Noticed Grinder
  4614 | D:5      | Noticed Blork the orc
  4708 | D:5      | Found Cibluos' Assorted Antiques.
  4729 | D:5      | Bought a scroll labeled DOYTOO BYTI for 18 gold pieces
  4729 | D:5      | Bought a scroll labeled QIH ZYLUGAICWUNT for 18 gold pieces
  4729 | D:5      | Bought a scroll labeled NUURCH YPUTOLOU for 18 gold pieces
  4797 | D:5      | Paralysed by Grinder for 4 turns
  4800 | D:5      | Slain by Grinder

Action                   |  1- 3 |  4- 6 || total
-------------------------+-------+-------++-------
Melee: Unarmed           |   176 |   234 ||   410
 Cast: Sticks to Snakes  |     3 |       ||     3
       Beastly Appendage |     1 |     3 ||     4
       Spider Form       |       |     3 ||     3
  Use: Potion            |       |     3 ||     3
       Scroll            |       |    11 ||    11
 Stab: Sleeping          |     1 |       ||     1
